 Dungeon Crawl Stone Soup version 0.27-a0-1200-g94dc6ad4cf (webtiles) character file.

Game seed: 12890667667053872718

105 Feb132020 the Gusty (level 4, -2/24 HPs)
             Began as a Tengu Air Elementalist on May 30, 2021.
             Was a Believer of Makhleb.
             Slain by a gnoll
             ... wielding a +2 flail of protection
              (8 damage)
             ... on level 3 of the Dungeon.
             The game lasted 00:07:44 (3213 turns).

Feb132020 the Gusty (Tengu Air Elementalist)        Turns: 3213, Time: 00:07:45

Health: -2/24      AC:  2    Str:  9    XL:     4   Next: 83%
Magic:  7/8        EV: 12    Int: 15    God:    Makhleb [**....]
Gold:   125        SH:  0    Dex: 15    Spells: 5/8 levels left

rFire    . . .     SeeInvis .   f - +1 dagger (venom)
rCold    . . .     Faith    +   (no shield)
rNeg     . . .     Spirit   .   a - +0 robe
rPois    .         Reflect  .   (helmet restricted)
rElec    .         Harm     .   (no cloak)
rCorr    .         Rampage  .   (no gloves)
Will     .....                  (boots unavailable)
Stlth    ++........             k - amulet of faith
HPRegen  0.08/turn              (no ring)
MPRegen  0.11/turn              (no ring)

@: no status effects
A: beak, talons 3
a: Renounce Religion, Minor Destruction


You were on level 3 of the Dungeon.
You worshipped Makhleb.
Makhleb was pleased with you.
You visited 1 branch of the dungeon, and saw 3 of its levels.

You collected 125 gold pieces.

Inventory:

Hand Weapons
 c - a +0 short sword
 f - a +1 dagger of venom (weapon)
Armour
 a - a +0 robe (worn)
Jewellery
 j - a ring of magical power
 k - an amulet of faith (around neck)
 q - an amulet of guardian spirit
Scrolls
 b - a scroll of identify
 e - a scroll of teleportation
 g - a scroll of magic mapping
Potions
 d - a potion of brilliance {unknown}
 h - a potion of heal wounds {unknown}
 n - a potion of cancellation {unknown}
 o - a potion of might {unknown}
 p - a potion of curing {unknown}
 r - a potion of degeneration {unknown}


   Skills:
 + Level 0.2 Fighting
 + Level 1.5 Short Blades
 + Level 2.5 Dodging
 + Level 2.7 Stealth
 + Level 2.6 Spellcasting
 + Level 2.2 Conjurations
 + Level 5.0 Air Magic


You had 5 spell levels left.
You knew the following spells:

 Your Spells              Type           Power      Damage    Failure   Level
a - Shock                 Conj/Air       48%        1d6       4%          1
b - Static Discharge      Conj/Air       12%        N/A       7%          2

Your spell library contained the following spells:

 Spells                   Type           Power      Damage    Failure   Level
 Swiftness                Air            17%        N/A       8%          3
 Airstrike                Air            8%         N/A       26%         4
 Lightning Bolt           Conj/Air       6%         1d18      78%         5


Dungeon Overview and Level Annotations

Branches:
Dungeon (3/15)

Altars:
Gozag
Makhleb


Innate Abilities, Weirdness & Mutations

You have a beak for a mouth.
You have claws for feet.


Message History

Unknown command.
Unknown command.
Casting: Shock (safe; 4% risk of failure)
Confirm with . or Enter, or press ? or * to list all spells.
Aiming: Shock (safe; 4% risk of failure)
Press: ? - help, Shift-Dir - straight line, f - gnoll
Aim: a gnoll, wielding a +0 spear (72% to hit)
You miscast Shock.
You are very lightly contaminated with residual magic.
Nothing appears to happen.
Unknown command.
Unknown command.
Unknown command.
Casting: Shock (safe; 4% risk of failure)
Confirm with . or Enter, or press ? or * to list all spells.
Aiming: Shock (safe; 4% risk of failure)
Press: ? - help, Shift-Dir - straight line, f/p - gnoll
Aim: a gnoll, wielding a +0 spear (72% to hit)
The zap hits the gnoll.
The gnoll is moderately wounded.
Unknown command.
Unknown command.
Unknown command.
Casting: Shock (safe; 4% risk of failure)
Confirm with . or Enter, or press ? or * to list all spells.
Aiming: Shock (safe; 4% risk of failure)
Press: ? - help, Shift-Dir - straight line, f/p - gnoll
Aim: a gnoll, wielding a +0 spear (moderately wounded, 72% to hit)
The zap hits the gnoll.
The gnoll is moderately wounded.
A gnoll comes into view.
It is wielding a +2 flail of protection.
Unknown command.
The gnoll hits you with a +2 flail of protection!
Unknown command.
The gnoll closely misses you.
Your magical contamination has completely faded away.
The gnoll hits you with a +2 flail of protection!
* * * LOW HITPOINT WARNING * * *
The gnoll hits you with a +2 flail of protection!
You die...

#.# #...... ### #.# #...... ..##
##########.########...... ...#
#....................#... ...#
#)########.########..#### ...#
#)# #.# #..#### ...# #.#
#.########......
...######.########.......<#.#####
................@..........[.....
...............g.................
..)###......#..####.#############
..## ####.###.g# #.# ..# #.# #..#
##+##### ..# #.# ##.###......#
..# #.# #..##......### ### #.#
#)....g..[.+.#
#######+#####+##......#.#


You could see 2 gnolls.

Vanquished Creatures
  Jessica (D:2)
  2 adders
  A worm (D:2)
  5 orcs (D:3)
  3 endoplasms
  A giant cockroach (D:1)
  7 goblins
  3 hobgoblins
  2 jackals (D:3)
  9 kobolds
  A quokka (D:3)
  6 ball pythons
  3 bats
  2 frilled lizards (D:1)
  7 rats (D:2)
53 creatures vanquished.

Vanquished Creatures (others)
  4 plants (D:1)
4 creatures vanquished.

Grand Total: 57 creatures vanquished

Notes
Turn   | Place    | Note
-------+----------+-------------------------------------------
     0 | D:1      | Feb132020 the Tengu Air Elementalist began the quest for
                  | the Orb.
     0 | D:1      | Reached XP level 1. HP: 10/10 MP: 4/4
    76 | D:1      | Found a faded altar of an unknown god.
    84 | D:1      | Became a worshipper of Makhleb the Destroyer
    84 | D:1      | Reached * piety under Makhleb
   429 | D:1      | Reached XP level 2. HP: 15/15 MP: 1/6
   432 | D:1      | Learned a level 2 spell: Static Discharge
  1461 | D:2      | Reached XP level 3. HP: 14/19 MP: 4/7
  1748 | D:2      | Found an opulent altar of Gozag.
  1965 | D:2      | Reached ** piety under Makhleb
  2198 | D:2      | Noticed Jessica
  2211 | D:2      | Killed Jessica
  2212 | D:2      | Reached XP level 4. HP: 7/24 MP: 5/8
  2509 | D:2      | Reached skill level 5 in Air Magic
  2628 | D:3      | Reached skill level 1 in Short Blades
  3213 | D:3      | Slain by a gnoll

Illustrated notes

Levels and vault maps discovered:
D:1:      minmay_arrival_hallway, layout_basic, basic_ecumenical_altar,
          minmay_misc_feat_doors, serial_bayou_lagoon_a, dk_noncrumbling_4
D:2:      minmay_skewed_foursquare, layout_loops_ring, basic_altar,
          moated_statue, nrook_loot_triangle, uniq_jessica
D:3:      layout_basic, minmay_misc_feat_more_columns, uniq_crazy_yiuf_cottage

Skill      XL: |  1  2  3  4 |
---------------+-------------+-----
Conjurations   | 2 |  2.2
Air Magic      | 5 |  5.0
Short Blades   | 1 |  1.5
Fighting       | |  0.2
Dodging        | |  2.5
Stealth        | |  2.7
Spellcasting   | |  2.6

Action                   |  1- 3 |  4- 6 || total
-------------------------+-------+-------++-------
Melee: Dagger            |    38 |    40 ||    78
       Kick              |     6 |     5 ||    11
       Peck              |     5 |     5 ||    10
 Cast: Shock             |    30 |    21 ||    51
  Use: Scroll            |     1 |     4 ||     5
 Stab: Sleeping          |     7 |     2 ||     9
Armor: Robe              |     1 |     5 ||     6
Dodge: Dodged            |    22 |    19 ||    41

Table legend: (Time is in decaauts)
 A = Elapsed time spent in this place.
 B = Non-inter-level travel time spent in this place.
 C = Inter-level travel time spent in this place.
 D = Time resting spent in this place.
 E = Time spent auto-exploring this place.
 F = Levels seen in this place.
 G = Mean time per level.
                   A        B        C        D        E       F      G
               +--------+--------+--------+--------+--------+-----+--------+
         Total |   3213 |   3153 |     60 |      0 |   2820 |   3 | 1071.0 |
       Dungeon |   3213 |   3153 |     60 |      0 |   2820 |   3 | 1071.0 |
               +--------+--------+--------+--------+--------+-----+--------+

Top non-repeatable levels by time:
     D:2: 1308 daAuts
     D:1: 1236 daAuts
     D:3: 668 daAuts
